Map: Ruins of Seras

Players

LindyHop

  • Race: Zerg Zerg
  • League: Silver

commiebits - Winner!

  • Race: Zerg Zerg

VOD

Have the link to the VOD?

Description

Time

  • Played on: Nov. 29, 2015, 2:46 p.m.
  • Length: 8:49
Show
View Real Time Build Order
Export as new Build Order

LindyHop Zerg 

Build Orders: Hatch First 

Get SALT Encoding   

  12  0:01  Drone  
  13  0:07  Drone  
  14  0:35  Hatchery  
  13  0:38  Drone  
  14  0:56  Spawning Pool  
  13  1:01  Drone  
  14  1:12  Overlord  
  14  1:17  Extractor  
  13  1:18  Extractor  
  13  1:19  Drone  
  13  1:20  Drone  
  16  1:30  Drone  
  17  1:34  Drone  
  18  1:43  Queen  
  20  1:49  Queen  
  20  1:53  Extractor  
  21  1:58  Zergling x2  
  22  2:07  Zergling x2  
  22  2:08  Zergling x4  
  25  2:14  Spine Crawler  
  24  2:21  Spine Crawler  
  23  2:32  Overlord  
  23  2:43  Drone x3  
  26  2:55  Metabolic Boost  
  26  2:58  Drone x3  
  30  3:15  Overlord  
  30  3:23  Drone  
  30  3:24  Baneling Nest, Drone x2  
  32  3:28  Zergling x4  
  32  3:29  Zergling x2  
  32  3:33  Zergling x2  
  36  3:37  Overlord  
  36  3:53  Roach Warren  
  35  4:03  Drone x3  
  38  4:17  Overlord x2  
  37  4:34  Roach x3  
  37  4:36  Roach x2  
  47  4:52  Roach x3  
  51  4:54  Zergling x2  
  51  4:55  Zergling x6  
  54  5:05  Zergling x2  
  54  5:06  Zergling x2  
  56  5:23  Zergling x2  
  58  5:35  Zergling x2  
  58  5:36  Zergling x4  
  60  5:43  Hatchery  
  56  5:53  Roach  
  56  5:54  Roach  
  56  5:57  Overlord x2  
  60  6:15  Drone x3  
  60  6:16  Drone  
  60  6:17  Roach  
  60  6:18  Roach  
  68  6:33  Roach  
  68  6:34  Roach x3  
  68  6:36  Overlord x2  
  76  6:48  Lair  
  76  6:54  Evolution Chamber  
  75  6:56  Queen  
  75  6:58  Roach x3  
  75  7:01  Zergling x6  
  85  7:09  Zergling x12  
  91  7:28  Zergling x2  
  91  7:29  Zergling x10  
  97  7:30  Overlord  
  97  7:40  Overlord x2  
  97  7:47  Extractor  
  97  7:48  Drone x7  
  103  7:57  Overlord x2  
  102  8:06  Roach x2  
  95  8:29  Zergling x20  
  95  8:30  Zergling x2  
Show
View Real Time Build Order
Export as new Build Order

commiebits Zerg - Winner!

Build Orders: Pool First 

Get SALT Encoding   

  12  0:01  Drone  
  13  0:08  Drone  
  14  0:18  Overlord  
  14  0:36  Drone x2  
  16  0:51  Spawning Pool  
  16  0:54  Drone x2  
  17  1:21  Hatchery  
  16  1:37  Zergling x2  
  16  1:38  Zergling x4  
  19  1:49  Queen  
  19  1:53  Overlord  
  21  2:05  Drone  
  22  2:17  Drone  
  22  2:22  Extractor  
  22  2:29  Queen  
  24  2:40  Drone x3  
  24  2:43  Drone  
  28  2:50  Drone  
  29  2:52  Queen  
  31  3:13  Drone x4  
  31  3:14  Drone  
  31  3:17  Overlord x2  
  31  3:19  Roach Warren  
  35  3:20  Extractor  
  34  3:54  Drone x4  
  34  3:55  Drone x5  
  43  4:04  Extractor  
  43  4:07  Overlord x2  
  42  4:29  Roach x2  
  42  4:30  Roach x5  
  41  5:02  Drone x3  
  41  5:03  Drone x6  
  50  5:15  Metabolic Boost  
  50  5:17  Roach x3  
  56  5:30  Drone x2  
  56  5:34  Ravager x3  
  56  5:35  Ravager  
  62  5:37  Roach x2  
  62  5:38  Roach  
  68  5:51  Overlord x2  
  68  5:52  Overlord  
  68  6:04  Overlord x3  
  68  6:17  Hatchery  
  67  6:21  Drone x3  
  70  6:28  Roach x2  
  70  6:30  Roach  
  70  6:32  Drone  
  77  6:35  Drone  
  77  6:38  Drone  
  79  6:43  Queen  
  81  7:02  Roach x4  
  81  7:03  Roach x2  
  93  7:13  Roach x2  
  93  7:14  Roach x2  
  93  7:15  Roach  
  103  7:18  Roach  
  103  7:20  Roach  
  107  7:31  Roach x4  
  115  7:51  Lair  
  115  7:57  Zergling x14  
  122  7:58  Overlord  
  122  7:59  Overlord  
Tags
 
Add a new tag
Caveats
  • Supply blocks, unpowered buildings, or Contaminate may cause inaccurate times.
  • Supply counts are checked every 10 seconds.